Kradschützen Motorcycle Team
Selects Armored Support Battlegroup
Construct Light Support Kompanie
Pak 38 Anti-tank Gun Team
Selects Flammpanzer III Medium Tank
Flammpanzer III Medium Tank
Construct Mechanized Kompanie
Selects Command Panzer IV F Medium Tank
Marder III Tank Destroyer
Marder III Tank Destroyer
Construct Panzerarmee Kommand
Command Panzer IV F Medium Tank
Selects Stuka Anti-tank Loiter
Flammpanzer III Medium Tank
Marder III Tank Destroyer
Command Panzer IV F Medium Tank